Map: Blackpink LE

Players

LaGGzOr

  • Race: Zerg Zerg
  • League: Diamond
  • Spawn Location: 1:00

Cosmicism - Winner!

  • Race: Terran Terran
  • League: Diamond
  • Spawn Location: 7:00

VOD

Have the link to the VOD?

Description

Time

  • Played on: March 8, 2018, 7:23 a.m.
  • Length: 9:02
Show
View Real Time Build Order
Export as new Build Order

LaGGzOr Zerg 

Build Orders: Hatch First 

Get SALT Encoding   

  12  0:01  Drone  
  13  0:12  Overlord  
  13  0:18  Drone  
  14  0:31  Drone x2  
  16  0:38  Drone  
  17  0:52  Hatchery  
  16  0:58  Drone x2  
  16  1:02  Extractor  
  17  1:13  Spawning Pool  
  17  1:16  Drone  
  17  1:20  Drone  
  18  1:30  Drone  
  19  1:41  Overlord  
  19  1:50  Drone  
  20  2:00  Queen  
  22  2:04  Metabolic Boost  
  22  2:05  Queen  
  22  2:07  Zergling x2  
  22  2:08  Zergling x2  
  26  2:13  Drone  
  27  2:17  Drone  
  28  2:30  Drone x2  
  30  2:40  Hatchery  
  29  2:52  Drone x2  
  29  2:53  Drone x2  
  33  2:58  Overlord  
  33  3:00  Overlord  
  33  3:11  Drone x3  
  36  3:16  Queen  
  36  3:18  Drone x2  
  39  3:26  Queen  
  40  3:29  Drone x3  
  43  3:38  Drone  
  43  3:40  Overlord  
  44  3:49  Baneling Nest  
  44  3:50  Zergling x2  
  44  3:52  Overlord  
  44  3:53  Overlord  
  44  4:00  Zergling x2  
  44  4:01  Zergling x10  
  50  4:10  Queen  
  51  4:22  Drone x4  
  51  4:23  Drone x2  
  51  4:34  Drone  
  51  4:35  Drone x2  
  51  4:36  Drone x2  
  56  4:39  Baneling x4  
  56  4:51  Queen  
  58  5:03  Drone x2  
  58  5:04  Extractor x2, Drone, Zergling x2  
  58  5:05  Zergling x12  
  66  5:15  Overlord  
  66  5:16  Overlord  
  66  5:24  Baneling  
  66  5:25  Baneling x3  
  66  5:34  Drone  
  66  5:35  Drone x6  
  71  5:36  Drone x2  
  73  5:44  Drone x3  
  73  5:45  Drone  
  70  5:56  Drone x3  
  71  5:58  Baneling x4  
  71  5:59  Lair  
  71  6:15  Drone x4  
  71  6:16  Drone x5  
  80  6:23  Overlord  
  80  6:28  Overlord x3  
  80  6:29  Hatchery  
  79  6:40  Zergling x4  
  79  6:44  Zergling x2  
  79  6:45  Zergling x8  
  86  6:48  Zergling x2  
  86  6:49  Zergling x8  
  86  6:53  Spine Crawler  
  90  6:54  Spine Crawler  
  90  6:56  Spine Crawler  
  90  6:58  Spine Crawler  
  90  6:59  Hydralisk Den  
  86  7:02  Zergling x10  
  78  7:18  Zergling x2  
  78  7:19  Zergling x10  
  72  7:32  Zergling x2  
  72  7:33  Zergling x6  
  73  7:40  Zergling x2  
  73  7:41  Zergling x2  
  73  7:43  Zergling x2  
  70  7:47  Grooved Spines  
  63  7:54  Hydralisk x4  
  63  7:57  Spine Crawler  
  63  7:58  Spine Crawler  
  56  8:01  Baneling x10  
  56  8:03  Hydralisk x4  
  56  8:04  Hydralisk x3  
  68  8:19  Zergling x2  
  61  8:20  Zergling x6  
  61  8:25  Zergling x6  
  61  8:26  Zergling x8  
  51  8:34  Hydralisk  
Show
View Real Time Build Order
Export as new Build Order

Cosmicism Terran - Winner!

Build Orders:  

Get SALT Encoding   

  12  0:00  SCV  
  13  0:13  SCV  
  14  0:18  Supply Depot  
  14  0:25  SCV  
  15  0:30  Refinery  
  15  0:39  SCV  
  16  0:45  Barracks  
  16  0:51  SCV  
  17  1:04  SCV  
  18  1:16  SCV  
  19  1:31  Orbital Command  
  19  1:34  Marine  
  20  1:45  Command Center  
  20  1:52  Marine  
  21  1:58  Factory  
  21  2:00  SCV  
  22  2:09  Supply Depot  
  22  2:11  Barracks Reactor  
  22  2:15  SCV  
  23  2:24  Refinery  
  23  2:31  SCV  
  24  2:43  SCV  
  25  2:53  Armory  
  25  2:55  SCV  
  25  2:56  Hellion x2  
  30  3:17  Hellion  
  30  3:18  Hellion  
  34  3:26  SCV  
  36  3:27  Orbital Command  
  35  3:38  SCV  
  35  3:39  Hellion, Barracks Reactor, Widow Mine  
  40  3:44  Terran Vehicle Weapons Level 1  
  40  3:51  Factory  
  40  3:55  SCV x2  
  42  4:07  SCV x2  
  42  4:19  SCV x2  
  42  4:26  Hellion x2  
  42  4:44  Hellion x2  
  46  4:48  Refinery  
  46  4:50  Supply Depot  
  46  4:52  Hellion, SCV x2  
  50  5:02  Supply Depot x2  
  50  5:04  SCV x2  
  52  5:15  Supply Depot  
  52  5:16  SCV x2  
  52  5:20  Cyclone x2  
  60  5:28  SCV x2  
  62  5:40  SCV x2  
  60  5:52  SCV  
  60  5:54  Cyclone  
  60  5:55  Cyclone x3  
  67  6:06  Supply Depot  
  67  6:17  Factory  
  67  6:21  Refinery  
  67  6:26  Cyclone  
  67  6:27  SCV x2, Cyclone  
  75  6:39  SCV x2  
  77  6:41  Hellion x2  
  81  6:51  SCV x2  
  83  6:59  Hellion x2  
  87  7:02  Hellion x2  
  87  7:03  SCV x2  
  77  7:20  Cyclone  
  77  7:22  Hellion x2  
  83  7:23  Hellion x2  
  85  7:43  Hellion  
  87  7:45  Hellion x2  
  87  7:46  SCV x2  
  93  7:55  Engineering Bay  
  93  7:58  SCV x2  
  94  8:01  Factory Tech Lab  
  94  8:03  Command Center  
  93  8:10  SCV  
  83  8:22  Hellion x3, Siege Tank  
  85  8:37  Factory  
  85  8:38  Factory  
  85  8:39  Factory, SCV x2  
Tags
 
Add a new tag
Caveats
  • Supply blocks, unpowered buildings, or Contaminate may cause inaccurate times.
  • Supply counts are checked every 10 seconds.